 Dungeon Crawl Stone Soup version 0.25.0-11-g1f837a76a1 (webtiles) character file.

Game seed: 18442628630518302892

102 Esekla the Grave Robber (level 4, -2/28 HPs)
             Began as an Octopode Necromancer on June 27, 2020.
             Slain by an orc
             ... wielding a +0 club
              (5 damage)
             ... on level 3 of the Dungeon.
             The game lasted 00:12:07 (2385 turns).

Esekla the Grave Robber (Octopode Necromancer)      Turns: 2385, Time: 00:12:07

Health: -2/28      AC:  1    Str:  8    XL:     4   Next: 78%
Magic:  3/8        EV: 14    Int: 17    God:
Gold:   114        SH:  0    Dex: 12    Spells: 5/9 levels left

rFire    . . .     SeeInvis .   f - +0 short sword
rCold    . . .     Gourm    .   (no shield)
rNeg     . . .     Faith    .   (helmet restricted)
rPois    .         Spirit   .   (no amulet)
rElec    .         Reflect  .   (no ring)
rCorr    .         Harm     .   (no ring)
MR       .....                  (no ring)
Stlth    +++.......             (no ring)
HPRegen  0.09/turn              (no ring)
MPRegen  0.11/turn              (no ring)
                                (no ring)
                                (no ring)

@: no status effects
A: almost no armour, stealthy swim, amphibious, 8 rings, constrict 8, camouflage
1, gelatinous body 1
a: no special abilities


You were on level 3 of the Dungeon.
You were hungry.

You visited 1 branch of the dungeon, and saw 3 of its levels.

You collected 114 gold pieces.

Inventory:

Hand Weapons
 f - a +0 short sword (weapon)
 m - a +2 hand axe of electrocution
Missiles
 l - 19 poisoned darts (quivered)
Wands
 n - a wand of random effects (18)
Scrolls
 a - a scroll of amnesia {unknown}
 c - a scroll of noise {unknown}
 d - a scroll of immolation {unknown}
 e - 2 scrolls of remove curse {unknown}
 h - 4 scrolls of identify {unknown}
 i - 3 scrolls of teleportation {unknown}
 j - a scroll of enchant armour {unknown}
Potions
 g - 5 potions of heal wounds {unknown}
 k - a potion of curing {unknown}
Comestibles
 b - 3 rations


   Skills:
 * Level 1.6 Fighting
 + Level 0.6 Short Blades
 * Level 2.7 Dodging
 + Level 3.4 Stealth
 * Level 3.0 Spellcasting
 + Level 4.2 Necromancy


You had 5 spell levels left.
You knew the following spells:

 Your Spells              Type           Power        Failure   Level  Hunger
a - Pain                  Necr           ###.         3%          1    None
d - Vampiric Draining     Necr           ###.......   10%         3    ###....

Your spell library contained the following spells:

 Spells                   Type           Power        Failure   Level  Hunger
 Animate Skeleton         Necr           N/A          3%          1    None
 Animate Dead             Necr           N/A          30%         4    ####...
 Agony                    Necr           ###.....     65%         5    ######.


Dungeon Overview and Level Annotations

Branches:
Dungeon (3/15)

Altars:
Dithmenos


Innate Abilities, Weirdness & Mutations

You cannot wear most types of armour.
You are very stealthy in the water. (Stealth+)
You are amphibious.
You can wear up to eight rings at the same time.
You can use your tentacles to constrict eight enemies at once.
Your skin changes colour to match your surroundings (Stealth+).
Your rubbery body absorbs attacks. (AC +1, EV +1)


Message History

* * * LOW HITPOINT WARNING * * *
You hit the orc but do no damage. You grab the orc.
The orc is moderately wounded.
You constrict the orc. The orc completely misses you.
The orc hits you with a +0 club.
* * * LOW HITPOINT WARNING * * *
Casting: Vampiric Draining (quite dangerous; 10% risk of failure)
Confirm with . or Enter, or press ? or * to list all spells.
The spell is quite dangerous to cast (10% risk of failure)!
Continue anyway?
Aiming: Vampiric Draining (quite dangerous; 10% risk of failure)
Press: ? - help, Shift-Dir - straight line, f - orc
Aim: an orc, wielding a +0 mace and wearing a +0 ring mail (heavily wounded, constricted by you)
You kill the orc!
You feel life coursing into your body. The orc hits you with a +0 club.
* * * LOW HITPOINT WARNING * * *
You hit the orc priest. You grab the orc priest.
The orc priest is moderately wounded.
You constrict the orc priest. The orc priest barely misses you.
The orc hits you with a +0 club.
You die...

#. #...#....# #. #.####
##..##...# #( #....####
#..####.###†
...#.......####..........
#$...o........###......†..
###.#..........####......(
# #.###.####..# ####....
#. #oo.##..## ####. #.
#@...#...# ###... #
#....#...# ##.....
#........###......
######....##..###.
#....#...###.
####...)#...##..
.................
################# #.# #...


You could see an orc priest and an orc.

Vanquished Creatures
  A gnoll (D:2)
  2 adders (D:3)
  2 worms (D:2)
  2 dart slugs (D:1)
  4 leopard geckos
  5 orcs (D:3)
  A bat skeleton (D:2)
  3 giant cockroaches
  5 goblins
  6 hobgoblins
  7 bats
  6 frilled lizards
  5 kobolds
  12 rats
61 creatures vanquished.

Notes
Turn   | Place    | Note
-------+----------+-------------------------------------------
     0 | D:1      | Esekla the Octopode Necromancer began the quest for the
                  | Orb.
     0 | D:1      | Reached XP level 1. HP: 11/11 MP: 3/3
   302 | D:1      | Reached XP level 2. HP: 14/18 MP: 0/5
   460 | D:1      | Reached skill level 1 in Fighting
   751 | D:1      | Reached XP level 3. HP: 23/23 MP: 6/6
   756 | D:1      | Learned a level 3 spell: Vampiric Draining
  1428 | D:2      | Found a shadowy altar of Dithmenos.
  1867 | D:2      | Reached XP level 4. HP: 27/28 MP: 5/8
  2385 | D:3      | Slain by an orc

Illustrated notes

Levels and vault maps discovered:
D:1:      scummos_arrival_forest, layout_basic, minmay_tromino_i2
D:2:      minmay_razor_zed, layout_rooms, nicolae_dithmenos_shadow_blocks
D:3:      minmay_recursive_quarters, layout_loops_ring,
          gammafunk_temple_overflow_statue

Skill      XL: |  1  2  3  4 |
---------------+-------------+-----
Fighting       | 1 |  1.6
Stealth        | 3 |  3.4
Spellcasting   | 3 |  3.0
Short Blades   | |  0.6
Dodging        | |  2.7
Necromancy     | |  4.2

Action                   |  1- 3 |  4- 6 || total
-------------------------+-------+-------++-------
Melee: Dagger            |    41 |       ||    41
       Constrict         |    13 |    17 ||    30
       Tentacles         |     5 |     9 ||    14
       Unarmed           |     3 |       ||     3
       Short sword       |     9 |    48 ||    57
Throw: Dart              |       |     1 ||     1
 Cast: Pain              |    27 |       ||    27
       Vampiric Draining |     4 |     6 ||    10
 Stab: Sleeping          |     7 |     2 ||     9
       Distracted        |       |     1 ||     1
  Eat: Chunk             |     4 |     1 ||     5
Armor: Skin              |     8 |     1 ||     9
Dodge: Dodged            |    41 |    34 ||    75
